Description

Two Base Archon / Immortal Timing

Attack lands at 7:00

Build Order

Why is there no SALT encoding or Overwolf build?

  17  0:40  Assimilator  
  20  1:40  Nexus  
  21  1:50  Assimilator  
  22  1:55  Pylon  
    2:20  Robotics Facility, Shield Battery  
    3:40  Twilight Council, Forge  
    4:00  Action  Natural Saturated
    4:30  Gateway x7, Templar Archives  
    5:10  Warp Prism  
    6:15  Action  Attack
    7:00  Action  Attack Lands
Spawning Tool Build Advisor. Get it on Overwolf

Go to:

Details

  • Created by: Atlas
  • Published on: Nov 09, 2025
  • Modified on: Nov 09, 2025
  • Patch: 5.0.11
  • Difficulty: Medium
Show

Export as new Build Order

Comments (0)

There are no comments. Be the first!

Create an account to comment!